 Dungeon Crawl Stone Soup version 0.27.1-4-g1640c2035a (webtiles) character file.

Game seed: 3400473997757282972

2807 adizb the Thaumaturge (level 9, 0/57 HPs)
             Began as a Mummy Necromancer on Nov 14, 2021.
             Was a Follower of Kikubaaqudgha.
             Slain by a five-headed hydra (7 damage)
             ... on level 7 of the Dungeon.
             The game lasted 01:30:17 (6899 turns).

adizb the Thaumaturge (Mummy Necromancer)           Turns: 6899, Time: 01:30:23

Health: 0/57       AC:  7    Str: 12    XL:     9   Next: 44%
Magic:  3/21       EV: 13    Int: 23    God:    Kikubaaqudgha [*.....]
Gold:   358        SH:  0    Dex: 12    Spells: 5/25 levels left

rFire    x . .     SeeInvis .   b - +1 dagger (vamp)
rCold    + . .     Faith    .   (no shield)
rNeg     + + +     Spirit   .   r - +2 robe {Will+}
rPois    ∞         Reflect  .   m - +2 hat {Will+}
rElec    .         Harm     .   l - scarf {repulsion}
rCorr    .         Rampage  .   d - +0 pair of gloves
Will     +++..                  (no boots)
Stlth    ++........             (no amulet)
HPRegen  0.19/turn              p - +6 ring of intelligence
MPRegen  0.17/turn              (no ring)

@: about to teleport, repel missiles
A: cold resistance 1, negative energy resistance 3, torment resistance 2, heat
vulnerability 1, no potions
a: Renounce Religion, Receive Corpses


You were on level 7 of the Dungeon.
You worshipped Kikubaaqudgha.
Kikubaaqudgha was aware of your devotion.
You visited 1 branch of the dungeon, and saw 7 of its levels.

You collected 358 gold pieces.

Inventory:

Hand Weapons
 b - a +1 vampiric dagger (weapon)
 h - the +8 long sword of the Toadstool {antimagic, rC+ Str+3 Int+4}
   (You found it on level 5 of the Dungeon)

   It reduces the magical energy of the wielder, and disrupts the spells and
   magical abilities of those it strikes.
   Natural abilities and divine invocations are not affected.
   Str:       It affects your strength (+3).
   Int:       It affects your intelligence (+4).
   rC:        It protects you from cold.
 i - a +0 short sword of freezing
Missiles
 e - 15 poisoned darts
 s - a curare-tipped dart
Armour
 d - a +0 pair of gloves (worn)
 l - a scarf of repulsion (worn)
 m - a +2 hat of willpower (worn)
 q - a +1 leather armour of cold resistance
 r - a +2 robe of willpower (worn)
Jewellery
 k - an amulet of guardian spirit
 p - a +6 ring of intelligence (left hand)
Wands
 c - a wand of paralysis (6)
 u - a wand of iceblast (13)
Scrolls
 a - a scroll of silence {unknown}
 f - 4 scrolls of noise
 g - 5 scrolls of amnesia
 j - a scroll of fear
 n - 2 scrolls of magic mapping
 o - a scroll of identify
 t - a scroll of blinking
 v - a scroll of enchant armour {unknown}


   Skills:
 + Level 3.2 Short Blades
 + Level 4.1 Dodging
 - Level 1.5 Stealth
 * Level 8.5 Spellcasting
 + Level 1.4 Summonings
 * Level 7.8 Necromancy
 + Level 3.3 Translocations
 - Level 3.5 Invocations


You had 5 spell levels left.
You knew the following spells:

 Your Spells              Type           Power      Damage    Failure   Level
a - Pain                  Necr           100%       1d9       1%          1
b - Animate Skeleton      Necr           92%        N/A       1%          1
c - Vampiric Draining     Necr           23%        2d9       1%          3
d - Animate Dead          Necr           23%        N/A       2%          4
e - Summon Small Mammal   Summ           64%        N/A       3%          1
f - Teleport Other        Tloc           25%        N/A       4%          3
g - Agony                 Necr           46%        N/A       7%          5
h - Corpse Rot            Necr/Air       N/A        N/A       1%          2

Your spell library contained the following spells:

 Spells                   Type           Power      Damage    Failure   Level
 Apportation              Tloc           50%        N/A       1%          1
 Gell's Gravitas          Tloc           12%        N/A       4%          3
 Corona                   Hex            10%        N/A       7%          1
 Call Canine Familiar     Summ           16%        N/A       11%         3
 Summon Guardian Golem    Hex/Summ       13%        N/A       14%         3
 Dispersal                Tloc           12%        N/A       95%         6
 Summon Hydra             Summ           8%         N/A       100%        7
 Sublimation of Blood     Necr           Unusable   N/A       N/A         2
 Wereblood                Tmut           Unusable   N/A       N/A         2

Dungeon Overview and Level Annotations

Branches:
Dungeon (7/15)             Temple (0/1) D:7

Altars:
Fedhas
Gozag
Hepliaklqana
Kikubaaqudgha
Nemelex Xobeh
Wu Jian

Shops:
D:4 [   D:7 (


Innate Abilities, Weirdness & Mutations

You are immune to poison.
Your flesh is cold resistant. (rC+)
You are immune to negative energy. (rN+++)
You are immune to unholy pain and torment.
You are vulnerable to heat. (rF-)
You do not drink.


Message History

Press: ? - help, Q - select action, (/) - cycle Shift-Dir - straight line, f - five-headed hydra
Aim: a five-headed hydra (ally target)
You draw life force from the five-headed hydra!
You feel life coursing into your body.
Your killer bee zombie hits the five-headed hydra. x2
The five-headed hydra misses you. x2; The five-headed hydra bites you.
The five-headed hydra barely misses you.
The five-headed hydra bites you.
Aiming: Vampiric Draining (safe; 1% risk of failure)
Press: ? - help, Q - select action, (/) - cycle Shift-Dir - straight line, f/p - five-headed hydra
Aim: a five-headed hydra (lightly wounded, ally target)
You draw life force from the five-headed hydra!
You feel life coursing into your body!
Your killer bee zombie hits the five-headed hydra. x2
Your worm zombie closely misses the five-headed hydra.
The five-headed hydra bites you. The five-headed hydra bites you!
The five-headed hydra bites you but does no damage.
The five-headed hydra closely misses you.
The five-headed hydra bites you!
Aiming: Vampiric Draining (safe; 1% risk of failure)
Press: ? - help, Q - select action, (/) - cycle Shift-Dir - straight line, f/p - five-headed hydra
Aim: a five-headed hydra (heavily wounded, ally target)
You draw life force from the five-headed hydra!
You feel life coursing into your body.
Your killer bee zombie hits the five-headed hydra.
Your killer bee zombie barely misses the five-headed hydra.
The five-headed hydra bites your killer bee zombie!
Your killer bee zombie is destroyed!
The five-headed hydra bites your worm zombie! x2
Your worm zombie is destroyed!
The five-headed hydra bites you!
The five-headed hydra bites you but does no damage.
As you read the scroll of teleportation, it crumbles to dust.
You feel strangely unstable.
The five-headed hydra bites you but does no damage.
The five-headed hydra bites you!
* * * LOW HITPOINT WARNING * * *
The five-headed hydra bites you!
You die...
Kikubaaqudgha rasps: "You have failed me!
Welcome... oblivion!"

...# ##.......#.#
####...## ### ##.#
###..8⌠.>...#
##.###.###...
##.###...........#
#.## ##.#..#
.......##.8⌠....## #D#
#...###
##.######....#### #.##
##.#..#. ...# ######
##.###....... ####
#########...##.)...
####.........####.##.#
#...D@..#########.##.#
#.....#.# #........#
#.###.#.# #.###)####
#># #.#.# #.####
#.###.#.# #.....
#.......# ####..
###.##### ###.. #.####
#.... #....# #....


You could see a five-headed hydra.

Vanquished Creatures
  Pikel (D:7)
  Edmund (D:6)
  Duvessa (D:5)
  2 black bears (D:5)
  2 ice beasts
  2 necrophages
  An ogre (D:4)
  A kobold brigand (D:6)
  A bullfrog (D:7)
  4 scorpions
  Dowan (D:5)
  A water moccasin skeleton (D:6)
  2 howler monkeys
  A bullfrog zombie (D:6)
  5 orc priests
  3 hounds
  A jelly (D:6)
  A gnoll shaman (D:6)
  2 iguanas
  3 orc wizards
  9 gnolls
  6 adders
  A worm (D:2)
  5 dart slugs
  18 orcs
  9 ball pythons
  6 endoplasms
  A giant cockroach (D:1)
  8 goblins
  6 hobgoblins
  5 quokkas
  5 bats
  2 frilled lizards
  11 kobolds
  5 rats
133 creatures vanquished.

Vanquished Creatures (collateral kills)
  Menkaure (D:5)
  An ice beast (D:6)
  A necrophage (D:7)
  An ogre (D:6)
  A centaur skeleton (D:7)
  A howler monkey skeleton (D:6)
  A gnoll (D:6)
  An orc (D:7)
8 creatures vanquished.

Grand Total: 141 creatures vanquished

Notes
Turn   | Place    | Note
-------+----------+-------------------------------------------
     0 | D:1      | adizb the Mummy Necromancer began the quest for the Orb.
     0 | D:1      | Reached XP level 1. HP: 13/13 MP: 4/4
    86 | D:1      | Reached skill level 3 in Spellcasting
   136 | D:1      | Reached XP level 2. HP: 15/19 MP: 4/6
   579 | D:1      | Reached XP level 3. HP: 24/24 MP: 2/7
   789 | D:1      | Reached skill level 1 in Invocations
  1019 | D:2      | Learned a level 1 spell: Animate Skeleton
  1023 | D:2      | Learned a level 3 spell: Vampiric Draining
  1907 | D:3      | Reached XP level 4. HP: 29/30 MP: 5/9
  2019 | D:3      | Found a faded altar of an unknown god.
  2023 | D:3      | Reached skill level 4 in Spellcasting
  2525 | D:3      | Found a blossoming altar of Fedhas.
  2803 | D:4      | Reached XP level 5. HP: 5/35 MP: 6/11
  2962 | D:4      | Noticed an ogre
  2993 | D:4      | Killed an ogre
  2994 | D:4      | Reached skill level 5 in Necromancy
  2994 | D:4      | Reached skill level 1 in Translocations
  3181 | D:4      | Reached XP level 6. HP: 17/41 MP: 4/13
  3359 | D:4      | Found Acsostrohe's Armour Emporium.
  3429 | D:4      | Reached skill level 5 in Spellcasting
  3822 | D:4      | Reached skill level 1 in Short Blades
  3876 | D:5      | Entered Level 5 of the Dungeon
  3884 | D:5      | Noticed an ice beast
  3889 | D:5      | Killed an ice beast
  3910 | D:5      | Reached XP level 7. HP: 46/46 MP: 5/15
  4033 | D:5      | Learned a level 4 spell: Animate Dead
  4145 | D:5      | Noticed Duvessa
  4145 | D:5      | Noticed Dowan
  4425 | D:5      | Killed Duvessa
  4476 | D:5      | Killed Dowan
  4477 | D:5      | Reached skill level 6 in Spellcasting
  4686 | D:5      | Reached XP level 8. HP: 34/52 MP: 10/17
  4702 | D:5      | Noticed Menkaure
  4705 | D:5      | Learned a level 1 spell: Summon Small Mammal
  4746 | D:5      | Killed Menkaure
  4760 | D:5      | Found an ornate altar of the Wu Jian Council.
  4910 | D:5      | Identified the +8 long sword of the Toadstool {antimagic,
                  | rC+ Str+3 Int+4}
  4919 | D:5      | Found a hazy altar of Hepliaklqana.
  4980 | D:6      | Noticed Edmund
  5012 | D:6      | Killed Edmund
  5061 | D:6      | Learned a level 3 spell: Teleport Other
  5067 | D:6      | Learned a level 5 spell: Agony
  5163 | D:6      | Reached skill level 7 in Spellcasting
  5392 | D:6      | Found an ancient bone altar of Kikubaaqudgha.
  5395 | D:6      | Became a worshipper of Kikubaaqudgha
  5600 | D:6      | Found a sparkling altar of Nemelex Xobeh.
  6093 | D:7      | Reached XP level 9. HP: 43/57 MP: 17/20
  6107 | D:7      | Found Zilluduj's Antique Weapon Shoppe.
  6226 | D:7      | Reached * piety under Kikubaaqudgha
  6226 | D:7      | Received a gift from Kikubaaqudgha
  6260 | D:7      | Learned a level 2 spell: Corpse Rot
  6273 | D:7      | Found an opulent altar of Gozag.
  6339 | D:7      | Found a staircase to the Ecumenical Temple.
  6666 | D:7      | Reached skill level 8 in Spellcasting
  6702 | D:7      | Noticed Pikel
  6723 | D:7      | Killed Pikel
  6724 | D:7      | Reached skill level 1 in Summonings
  6848 | D:7      | Noticed a five-headed hydra
  6899 | D:7      | Slain by a five-headed hydra

Illustrated notes

Levels and vault maps discovered:
D:1:      dpeg_arrival_boxorama, layout_loops_corners
D:2:      layout_basic
D:3:      layout_basic, fedhas_altar_2, shapermc_ecumenical_altar_notcrosses
D:4:      layout_basic, serial_shops, shop, amcnicky_mini_rare_corridor_liquid
D:5:      layout_loops_ring, nicolae_hepliaklqana_hippocampus,
          mainiacjoe_overflow_24_doors, uniq_duvessa, uniq_menkaure
D:6:      layout_gridville, kennysheep_mini_moat,
          mainiacjoe_overflow_tiny_flanked, uniq_edmund
D:7:      minmay_slanted_spiral_squares, layout_loops_cross,
          nicolae_gozag_seed_capital, minmay_temple_entry_drinking_statues,
          serial_shops, nicolae_shop_behind_doors, uniq_pikel

Skill      XL: |  1  2  3  4  5  6  7  8  9 |
---------------+----------------------------+-----
Spellcasting   | 3 4 5 6 7 8 |  8.5
Invocations    | 1 2 3 |  3.5
Dodging        | 2 3 4 |  4.1
Necromancy     | 5 6 7 |  7.8
Translocations | 1 2 3 |  3.3
Short Blades   | 1 2 3 |  3.2
Summonings     | 1 |  1.4
Stealth        | |  1.5

Action                   |  1- 3 |  4- 6 |  7- 9 || total
-------------------------+-------+-------+-------++-------
Melee: Dagger            |    20 |    49 |   224 ||   293
       Short sword       |    26 |    15 |       ||    41
Throw: Dart              |    42 |    14 |    20 ||    76
 Cast: Pain              |    53 |    64 |    90 ||   207
       Vampiric Draining |       |    11 |    37 ||    48
       Animate Skeleton  |       |     1 |     3 ||     4
       Summon Small Mamm |       |       |    29 ||    29
       Animate Dead      |       |       |     6 ||     6
Invok: Receive Corpses   |       |       |     1 ||     1
Evoke: Wand              |       |       |     1 ||     1
  Use: Scroll            |     3 |    11 |     4 ||    18
 Stab: Sleeping          |       |     1 |       ||     1
       Distracted        |       |       |     3 ||     3
Armor: Robe              |    18 |    28 |    88 ||   134
Dodge: Dodged            |    42 |    41 |   161 ||   244
